General information
- name: BNet
- type: Ladder team game (AT/RT)
- host: Battle.net
- saver: WhatALazyBum
map: Mur'gulOasis
- players: 8
- length: 19:30
- speed: Fast
- version: 1.28 W3XP
- replay type: Public
» download(185 KB)
Players
team 1 (winner)

»
Kishkumen (
yellow | 124 APM | 2414 actions | 19:30)
7 Dark Ranger
3 Black Arrow
3 Silence
1 Charm
5 Priestess of the Moon
3 Trueshot Aura
2 Scout
» actions
| Assign group hotkey | 103 | |
| Basic commands | 145 | |
| Build / train | 102 | |
| ESC pressed | 1 | |
| Enter build submenu | 19 | |
| Enter hero's abilities submenu | 12 | |
| Right click | 790 | |
| Select / deselect | 438 | |
| Select group hotkey | 742 | |
| Use ability | 62 | |
2414 total
» units
| Wisp | 23 | |
| Archer | 11 | |
| Dryad | 10 | |
| Druid of the Talon | 7 | |
| Hippogryph | 1 | |
52 total
» upgrades
| Improved Bows | 1 | |
| Ultravision | 1 | |
| Abolish Magic | 1 | |
| Druid of the Talon Training | 2 | |
| Strength of the Moon | 3 | |
| Moon Armor | 3 | |
| Marksmanship | 1 | |
| Well Spring | 1 | |
13 total
» buildings
| Moon Well | 6 | |
| Ancient of War | 2 | |
| Altar of Elders | 2 | |
| Ancient of Wonders | 1 | |
| Tree of Ages | 2 | |
| Hunter's Hall | 1 | |
| Ancient of Wind | 1 | |
| Ancient of Lore | 1 | |
| Tree of Eternity | 2 | |
| Tree of Life | 2 | |
20 total
» build order
00:29 Moon Well
01:07 Ancient of War
01:12 Altar of Elders
01:17 Altar of Elders
01:25 Moon Well
01:48 Moon Well
02:19 Ancient of War
03:14 Moon Well
03:42 Ancient of Wonders
03:59 Tree of Ages
03:59 Tree of Ages
05:10 Hunter's Hall
07:10 Ancient of Wind
07:13 Ancient of Lore
09:33 Tree of Eternity
09:33 Tree of Eternity
09:37 Moon Well
09:40 Moon Well
10:22 Tree of Life
16:25 Tree of Life
» items
| Staff of Preservation | 2 | |
| Scroll of Town Portal | 1 | |
| Orb of Venom | 2 | |
5 total
DontSuicide (
purple | 70 APM | 1359 actions | 19:30)
7 Death Knight
3 Death Coil
3 Unholy Aura
1 Animate Dead
» actions
| Assign group hotkey | 7 | |
| Basic commands | 13 | |
| Build / train | 55 | |
| Enter build submenu | 21 | |
| Enter hero's abilities submenu | 7 | |
| Give item / drop item | 2 | |
| Right click | 595 | |
| Select / deselect | 152 | |
| Select group hotkey | 448 | |
| Use ability | 59 | |
1359 total
» units
| Acolyte | 7 | |
| Ghoul | 7 | |
| Frost Wyrm | 7 | |
21 total
» upgrades
| Cannibalize | 1 | |
| Creature Attack | 3 | |
| Creature Carapace | 3 | |
7 total
» buildings
| Crypt | 2 | |
| Ziggurat | 9 | |
| Altar of Darkness | 1 | |
| Graveyard | 1 | |
| Tomb of Relics | 2 | |
| Halls of the Dead | 1 | |
| Nerubian Tower | 5 | |
| Black Citadel | 1 | |
| Sacrificial Pit | 1 | |
| Necropolis | 1 | |
| Boneyard | 3 | |
| Spirit Tower | 2 | |
29 total
» build order
00:57 Crypt
01:02 Crypt
01:04 Ziggurat
01:09 Altar of Darkness
01:17 Graveyard
01:31 Ziggurat
02:09 Tomb of Relics
04:43 Halls of the Dead
04:58 Nerubian Tower
07:09 Black Citadel
07:13 Sacrificial Pit
07:50 Ziggurat
07:51 Nerubian Tower
07:51 Nerubian Tower
08:17 Ziggurat
08:55 Necropolis
08:58 Ziggurat
09:00 Ziggurat
10:18 Boneyard
10:20 Boneyard
10:23 Boneyard
10:38 Spirit Tower
10:39 Nerubian Tower
10:39 Nerubian Tower
10:44 Tomb of Relics
11:23 Spirit Tower
11:26 Ziggurat
11:29 Ziggurat
11:32 Ziggurat
» items
| Rod of Necromancy | 1 | |
| Sacrificial Skull | 1 | |
| Dust of Appearance | 1 | |
| Boots of Speed | 1 | |
| Staff of Teleportation | 1 | |
| Potion of Healing | 1 | |
| Orb of Lightning | 1 | |
| Scroll of Town Portal | 2 | |
9 total
Voin13 (
teal | 37 APM | 722 actions | 19:30)
7 Tauren Chieftain
3 Endurance Aura
3 War Stomp
1 Reincarnation
» actions
| Build / train | 59 | |
| Enter build submenu | 12 | |
| Enter hero's abilities submenu | 7 | |
| Give item / drop item | 1 | |
| Right click | 375 | |
| Select / deselect | 234 | |
| Use ability | 34 | |
722 total
» units
| Peon | 12 | |
| Troll Headhunter/Berserker | 12 | |
| Wind Rider | 12 | |
36 total
» upgrades
| Ranged Weapons | 3 | |
| Armor | 3 | |
| Troll Regeneration | 1 | |
| Berserker Upgrade | 1 | |
| Envenomed Spears | 1 | |
9 total
» buildings
| Orc Burrow | 7 | |
| Altar of Storms | 1 | |
| War Mill | 1 | |
| Barracks | 1 | |
| Voodoo Lounge | 1 | |
| Stronghold | 1 | |
| Fortress | 1 | |
| Beastiary | 1 | |
14 total
» build order
00:15 Orc Burrow
00:39 Altar of Storms
01:09 War Mill
01:13 Orc Burrow
01:53 Barracks
02:18 Voodoo Lounge
03:00 Orc Burrow
04:33 Stronghold
05:02 Orc Burrow
06:31 Orc Burrow
06:58 Fortress
07:37 Beastiary
08:43 Orc Burrow
09:39 Orc Burrow
» items
| Scroll of Speed | 2 | |
| Healing Salve | 1 | |
| Orb of Lightning | 1 | |
4 total
Noob123 (
red | 77 APM | 1493 actions | 19:30)
5 Blademaster
2 Critical Strike
3 Wind Walk
» actions
| Assign group hotkey | 31 | |
| Basic commands | 27 | |
| Build / train | 59 | |
| Enter build submenu | 16 | |
| Enter hero's abilities submenu | 6 | |
| Give item / drop item | 3 | |
| Remove unit from queue | 1 | |
| Right click | 578 | |
| Select / deselect | 169 | |
| Select group hotkey | 531 | |
| Use ability | 72 | |
1493 total
» units
| Peon | 15 | |
| Grunt | 8 | |
| Spirit Walker | 3 | |
| Tauren | 3 | |
29 total
» upgrades
| Berserker Strength | 1 | |
| Pillage | 1 | |
| Spirit Walker Training | 2 | |
| Armor | 3 | |
| Melee Weapons | 1 | |
| Reinforced Defenses | 1 | |
| Pulverize | 1 | |
10 total
» buildings
| Altar of Storms | 1 | |
| Orc Burrow | 6 | |
| Barracks | 1 | |
| Voodoo Lounge | 1 | |
| Stronghold | 1 | |
| Spirit Lodge | 1 | |
| War Mill | 1 | |
| Fortress | 1 | |
| Watch Tower | 2 | |
| Great Hall | 1 | |
| Tauren Totem | 2 | |
18 total
» build order
00:22 Altar of Storms
00:29 Orc Burrow
00:52 Barracks
01:34 Orc Burrow
01:53 Voodoo Lounge
02:38 Orc Burrow
04:57 Stronghold
07:31 Spirit Lodge
07:35 War Mill
09:39 Fortress
10:13 Watch Tower
10:20 Watch Tower
12:16 Great Hall
12:26 Orc Burrow
12:32 Tauren Totem
12:38 Tauren Totem
13:41 Orc Burrow
14:53 Orc Burrow
» items
| Healing Salve | 5 | |
| Lesser Clarity Potion | 2 | |
| Scroll of Speed | 1 | |
| Scroll of Healing | 2 | |
| Potion of Lesser Invulnerability | 1 | |
11 total
team 2 (loser)
Tschilla (
blue | 50 APM | 939 actions | 18:36)
4 Blademaster
2 Wind Walk
2 Critical Strike
3 Shadow Hunter
1 Hex
2 Healing Wave
1 Tauren Chieftain
1 Endurance Aura
» actions
| Build / train | 56 | |
| Enter build submenu | 16 | |
| Enter hero's abilities submenu | 8 | |
| Give item / drop item | 3 | |
| Right click | 493 | |
| Select / deselect | 291 | |
| Use ability | 72 | |
939 total
» units
| Peon | 12 | |
| Shaman | 6 | |
| Troll Witch Doctor | 6 | |
24 total
» upgrades
| Shaman Training | 2 | |
| Witch Doctor Training | 2 | |
| Reinforced Defenses | 1 | |
5 total
» buildings
| Orc Burrow | 5 | |
| Altar of Storms | 1 | |
| Voodoo Lounge | 1 | |
| War Mill | 1 | |
| Stronghold | 1 | |
| Watch Tower | 5 | |
| Spirit Lodge | 2 | |
| Fortress | 1 | |
| Beastiary | 1 | |
18 total
» build order
00:09 Orc Burrow
00:10 Altar of Storms
00:48 Voodoo Lounge
01:35 War Mill
01:50 Orc Burrow
03:01 Stronghold
03:06 Watch Tower
03:21 Watch Tower
04:41 Watch Tower
04:57 Orc Burrow
05:45 Spirit Lodge
05:57 Spirit Lodge
06:33 Fortress
07:15 Orc Burrow
13:58 Beastiary
14:00 Orc Burrow
16:37 Watch Tower
16:40 Watch Tower
» items
| Healing Salve | 2 | |
| Lesser Clarity Potion | 4 | |
| Scroll of Speed | 1 | |
| Circlet of Nobility | 1 | |
| Boots of Speed | 1 | |
| Orb of Lightning | 2 | |
| Scroll of Town Portal | 2 | |
13 total
r4mp4ge[Ger] (
pink | 71 APM | 1271 actions | 17:50)
5 Archmage
2 Summon Water Elemental
3 Brilliance Aura
2 Blood Mage
1 Banish
1 Siphon Mana
» actions
| Assign group hotkey | 52 | |
| Build / train | 53 | |
| Enter build submenu | 15 | |
| Enter hero's abilities submenu | 7 | |
| Give item / drop item | 2 | |
| Remove unit from queue | 2 | |
| Right click | 531 | |
| Select / deselect | 168 | |
| Select group hotkey | 388 | |
| Use ability | 53 | |
1271 total
» units
| Peasant | 8 | |
| Rifleman | 18 | |
| Flying Machine | 2 | |
28 total
» upgrades
| Gunpowder | 3 | |
| Armor | 3 | |
| Long Rifles | 1 | |
7 total
» buildings
| Altar of Kings | 1 | |
| Farm | 12 | |
| Blacksmith | 1 | |
| Barracks | 2 | |
| Lumber Mill | 1 | |
| Keep | 1 | |
| Castle | 1 | |
| Arcane Vault | 1 | |
| Workshop | 1 | |
21 total
» build order
00:09 Altar of Kings
00:12 Farm
00:36 Blacksmith
01:09 Barracks
01:29 Farm
01:54 Lumber Mill
02:21 Farm
03:03 Farm
03:07 Farm
04:03 Keep
05:18 Farm
05:19 Farm
05:20 Farm
05:21 Farm
06:25 Farm
06:26 Farm
06:27 Farm
07:28 Barracks
08:50 Castle
09:34 Arcane Vault
15:43 Workshop
» items
| Healing Salve | 2 | |
| Scroll of Town Portal | 2 | |
| Scroll of Regeneration | 1 | |
5 total
NZDave (
green | 26 APM | 478 actions | 18:39)
2 Death Knight
1 Death Coil
1 Unholy Aura
» actions
| Assign group hotkey | 10 | |
| Basic commands | 1 | |
| Build / train | 31 | |
| Enter build submenu | 15 | |
| Enter hero's abilities submenu | 2 | |
| Right click | 166 | |
| Select / deselect | 204 | |
| Select group hotkey | 23 | |
| Use ability | 26 | |
478 total
» units
| Acolyte | 2 | |
| Ghoul | 3 | |
| Crypt Fiend | 5 | |
| Obsidian Statue | 2 | |
| Frost Wyrm | 9 | |
21 total
» upgrades
» buildings
| Crypt | 2 | |
| Ziggurat | 6 | |
| Altar of Darkness | 1 | |
| Graveyard | 2 | |
| Tomb of Relics | 1 | |
| Halls of the Dead | 1 | |
| Slaughterhouse | 1 | |
| Sacrificial Pit | 1 | |
| Black Citadel | 1 | |
| Boneyard | 2 | |
18 total
» build order
00:10 Crypt
00:12 Ziggurat
00:40 Altar of Darkness
01:39 Graveyard
01:47 Graveyard
01:51 Tomb of Relics
02:34 Halls of the Dead
03:32 Ziggurat
03:33 Ziggurat
04:57 Slaughterhouse
05:03 Sacrificial Pit
05:49 Crypt
05:59 Ziggurat
06:00 Ziggurat
06:03 Black Citadel
08:39 Boneyard
08:43 Boneyard
11:03 Ziggurat
» items
| Rod of Necromancy | 1 | |
| Orb of Corruption | 1 | |
| Scroll of Town Portal | 1 | |
3 total
WhatALazyBum (
orange | 7 APM | 140 actions | 19:30)
» actions
| Assign group hotkey | 2 | |
| Build / train | 10 | |
| Enter build submenu | 13 | |
| Remove unit from queue | 1 | |
| Right click | 51 | |
| Select / deselect | 52 | |
| Use ability | 11 | |
140 total
» units
» upgrades
» buildings
| Orc Burrow | 2 | |
| Altar of Storms | 1 | |
| Barracks | 1 | |
| Voodoo Lounge | 1 | |
| War Mill | 1 | |
| Watch Tower | 5 | |
| Stronghold | 0 | |
11 total
» build order
00:12 Orc Burrow
00:52 Altar of Storms
00:53 Barracks
01:04 Orc Burrow
01:42 Voodoo Lounge
02:07 War Mill
03:22 Watch Tower
03:24 Watch Tower
03:27 Watch Tower
03:29 Watch Tower
03:45 Watch Tower
08:10 Stronghold
Chat log
(00:20 / Allies) NZDave: sup team
(09:50 / Allies) r4mp4ge[Ger]: wtf :D
(10:06 / Allies) NZDave: omg
(10:25 / Allies) NZDave: orange wtf
(10:28 / Allies) r4mp4ge[Ger]: it's already over.
(10:34 / Allies) NZDave: afk?
(10:42 / Allies) r4mp4ge[Ger]: just stupid, i think.
(11:42 / Allies) Tschilla: all
(12:36 / Allies) r4mp4ge[Ger]: :D
(14:54 / Allies) Tschilla: akrta
(15:22 / Allies) NZDave: stuck
(16:10 / Allies) Tschilla: no wway
(16:12 / Allies) Tschilla: they mass exe
(16:15 / Allies) Tschilla: and orange sucks
(16:20 / Allies) r4mp4ge[Ger]: and we are just three..
(16:32 / Allies) NZDave: and im not as bad as OJ but i'm not good either
(16:53 / Allies) Tschilla: tp
(17:14 / Allies) r4mp4ge[Ger]: wow
(17:39 / Allies) r4mp4ge[Ger]: thanks orange (:
(17:44 / Allies) r4mp4ge[Ger]: wp guys.
(17:48 / All) Tschilla: 2vs 4
(17:49 / All) Tschilla: :D
(17:50 / All) Tschilla: 3
(17:53 / Allies) NZDave: how the fuck did he get so many 3/3 frosts so fast
(17:58 / All) Tschilla: with exe
(18:10 / All) DontSuicide: Sure
(18:11 / All) Tschilla: bur oraange
(18:15 / All) NZDave: fyi OJ afk
(18:15 / All) Tschilla: 8 gold
(18:16 / All) Tschilla: :D
(18:17 / All) DontSuicide: U could take expo to
(18:21 / All) NZDave: has 9k gold, 4k lumber
(18:24 / All) Tschilla: orange 9k
(18:25 / All) Tschilla: :D
(18:27 / All) Tschilla: no
(18:31 / All) Tschilla: not on 3vs4